 Dungeon Crawl Stone Soup version 0.21.1-1-g345015f (webtiles) character file.

368 lotte the Magician (level 6, -3/32 HPs)
             Began as a Deep Elf Ice Elementalist on July 5, 2018.
             Was an Initiate of Vehumet.
             Slain by an iguana (4 damage)
             ... on level 5 of the Dungeon.
             The game lasted 00:19:47 (5461 turns).

lotte the Magician (Deep Elf Ice Elementalist)      Turns: 5461, Time: 00:19:55

Health: -3/32      AC:  2    Str:  5    XL:     6   Next: 41%
Magic:  10/17      EV:  7    Int: 22    God:    Vehumet [......]
Gold:   200        SH:  0    Dex: 15    Spells: 5/17 levels left

rFire    . . .     SeeInvis .   (no weapon)
rCold    . . .     Gourm    .   (no shield)
rNeg     . . .     Faith    .   a - +0 robe
rPois    .         Spirit   .   (no helmet)
rElec    .         Reflect  .   (no cloak)
rCorr    .         Harm     .   (no gloves)
MR       .....                  (no boots)
Stlth    ++........             (no amulet)
HPRegen  0.10/turn              k - ring of flight
MPRegen  0.15/turn              (no ring)

@: very slightly contaminated, held
A: no striking features
a: Renounce Religion, Evoke Flight


You were on level 5 of the Dungeon.
You worshipped Vehumet.
Vehumet was noncommittal.
You were not hungry.

You visited 2 branches of the dungeon, and saw 6 of its levels.

You collected 200 gold pieces.

Inventory:

Armour
 a - a +0 robe (worn)
Jewellery
 k - a ring of flight (left hand)
Scrolls
 d - 4 scrolls of remove curse {unknown}
 f - 3 scrolls of identify {unknown}
 g - a scroll of enchant armour {unknown}
 l - a scroll of fear {unknown}
 n - 2 scrolls of teleportation {unknown}
 o - a scroll of amnesia {unknown}
Potions
 e - 3 potions of haste {unknown}
 h - 2 potions of heal wounds {unknown}
 i - 2 potions of curing {unknown}
 j - 3 potions of lignification {unknown}
 m - a potion of resistance {unknown}
Books
 b - a book of Frost

   Spells                             Type                      Level
   a - Freeze                         Ice                          1
   b - Throw Frost                    Conjuration/Ice              2
   c - Ozocubu's Armour               Charms/Ice                   3
   d - Throw Icicle                   Conjuration/Ice              4
   e - Summon Ice Beast               Ice/Summoning                4
Comestibles
 c - 6 rations


   Skills:
 + Level 4.1 Dodging
 - Level 2.4 Stealth
 * Level 6.1 Spellcasting
 * Level 1.4 Conjurations
 * Level 5.6 Ice Magic


You had 5 spell levels left.
You knew the following spells:

 Your Spells              Type           Power        Failure   Level  Hunger
a - Freeze                Ice            ####         1%          1    None
b - Ozocubu's Armour      Chrm/Ice       ###.....     9%          3    #......
c - Summon Ice Beast      Ice/Summ       ###.....     28%         4    ###....
d - Throw Icicle          Conj/Ice       ###.....     21%         4    ###....


Dungeon Overview and Level Annotations

Branches:
Dungeon (5/15)             Temple (1/1) D:4

Altars:
Cheibriados
Dithmenos
Elyvilon
Gozag
Kikubaaqudgha
Nemelex Xobeh
Okawaru
Qazlal
Sif Muna
Uskayaw
Vehumet
Wu Jian
Yredelemnul
Zin

Shops:
D:4 *


Message History

Confirm with . or Enter, or press ? or * to list all spells.
Aiming: Freeze
Press: ? - help, Shift-Dir - straight line, f - iguana
Aim: an iguana You freeze the iguana.
The iguana seems to slow down.
The iguana is moderately wounded.
The iguana bites you.
Casting: Freeze
Confirm with . or Enter, or press ? or * to list all spells.
Aiming: Freeze
Press: ? - help, Shift-Dir - straight line, f/p - iguana
Aim: an iguana (moderately wounded, slow)
You freeze the iguana.
The iguana is heavily wounded.
The gnoll throws a stone.
The stone hits you.
The gnoll hits you from afar with a halberd!!
Ouch! That really hurt!
* * * LOW HITPOINT WARNING * * *
The iguana bites you.
You die...

### ## #.... ##.#. .
#... .......
#..####..##.#
######.l......#..# .
......g)@.#......#..
.....#.##.#.........
....... #.#......#..
....g## #.#.........
..... #.........#
.... ###.......#
.... ###..#...## ###
#....#....#
#.#.......#


You could see an iguana and 2 gnolls.

Vanquished Creatures
  An orc priest (D:4)
  An orc wizard (D:4)
  A worker ant (D:4)
  An iguana (D:5)
  6 gnolls
  3 adders
  An ooze (D:3)
  2 worms
  2 dart slugs (D:1)
  3 leopard geckos
  9 orcs
  A ball python (D:4)
  5 giant cockroaches
  8 goblins
  3 hobgoblins
  4 jackals (D:4)
  10 kobolds
  9 bats
  5 frilled lizards
  5 rats
80 creatures vanquished.

Vanquished Creatures (collateral kills)
  A human (D:4)
  A shadow imp (D:5)
  A kobold skeleton (D:4)
  A leopard gecko skeleton (D:4)
4 creatures vanquished.

Grand Total: 84 creatures vanquished

Notes
Turn   | Place    | Note
-------+----------+-------------------------------------------
     0 | D:1      | lotte the Deep Elf Ice Elementalist began the quest for the Orb.
     0 | D:1      | Reached XP level 1. HP: 10/10 MP: 6/6
     9 | D:1      | Noticed an ogre
   215 | D:1      | Reached XP level 2. HP: 11/15 MP: 1/8
   735 | D:1      | Reached XP level 3. HP: 14/19 MP: 6/10
   820 | D:1      | Learned a level 3 spell: Ozocubu's Armour
   840 | D:1      | Reached skill level 4 in Spellcasting
  2167 | D:2      | Reached XP level 4. HP: 24/24 MP: 7/12
  3028 | D:3      | Found a faded altar of an unknown god.
  3331 | D:4      | Reached skill level 5 in Spellcasting
  3331 | D:4      | Reached XP level 5. HP: 27/28 MP: 5/14
  3812 | D:4      | Learned a level 4 spell: Summon Ice Beast
  3826 | D:4      | Reached skill level 5 in Ice Magic
  3856 | D:4      | Learned a level 4 spell: Throw Icicle
  3897 | D:4      | Found a runed door.
  3897 | D:4      | Noticed a human
  3961 | D:4      | Found a basalt altar of Yredelemnul.
  4066 | D:4      | Found Xonuxoshre's General Store.
  4652 | D:4      | Found a staircase to the Ecumenical Temple.
  4658 | Temple   | Entered the Ecumenical Temple
  4686 | Temple   | Became a worshipper of Vehumet
  5079 | D:4      | Killed a human
  5079 | D:4      | Reached skill level 6 in Spellcasting
  5079 | D:4      | Reached XP level 6. HP: 31/32 MP: 10/17
  5152 | D:5      | Entered Level 5 of the Dungeon
  5461 | D:5      | HP: 1/32 [gnoll/halberd (19)]
  5461 | D:5      | Slain by an iguana

Skill      XL: |  1  2  3  4  5 |
---------------+----------------+-----
Ice Magic      | 4 5 |  5.6
Spellcasting   | 4 5 6 |  6.1
Dodging        | 3 4 |  4.1
Stealth        | |  2.4
Conjurations   | |  1.4

Action                   |  1- 3 |  4- 6 || total
-------------------------+-------+-------++-------
Melee: Unarmed           |    10 |    11 ||    21
 Cast: Freeze            |    68 |    91 ||   159
       Ozocubu's Armour  |     4 |    15 ||    19
       Summon Ice Beast  |       |     5 ||     5
  Eat: Chunk             |     3 |     7 ||    10
       Ration            |       |     2 ||     2
Armor: Robe              |    10 |    24 ||    34
Dodge: Dodged            |    42 |    73 ||   115
